TOP OF THE 1ST |
Virginia Beach Deuces batting - Pitching for Asheville Highlanders : RHP Fred Townsend
|
Pitching: RHP Fred Townsend
|
|
Batting: RHB Luis Díaz
|
0-0: Ball 1-0: Called Strike 1-1: Fly out, F9 (Flyball, 89S)
|
Batting: RHB Stephen McManus
|
0-0: Foul Ball, location: 2F 0-1: Called Strike 0-2: Foul Ball, location: 2F 0-2: Ball 1-2: Reached on error, E6 (Groundball, 56D)
|
Batting: RHB Andrew Crosby
|
0-0: Called Strike Stephen McManus is caught stealing 2nd base 0-1: Called Strike 0-2: Foul Ball, location: 2F 0-2: Ball 1-2: Fly out, F3 (Line Drive, 34)
|
Top of the 1st over - 0 runs, 0 hits, 1 error, 0 left on base; Virginia Beach 0 - Asheville 0 |
BOTTOM OF THE 1ST |
Asheville Highlanders batting - Pitching for Virginia Beach Deuces : RHP Earl Danziger
|
Pitching: RHP Earl Danziger
|
|
Batting: RHB Arnie Taylor
|
0-0: Ball 1-0: Ball 2-0: SOLO HOME RUN (Flyball, 7D), Distance : 395 ft
|
Batting: RHB Jason Alston
|
0-0: Ball 1-0: Foul Ball, location: 2F 1-1: Fly out, F8 (Line Drive, 8LD)
|
Batting: LHB DeMarvion Overshown
|
0-0: Fly out, F8 (Flyball, 78M)
|
Batting: LHB Johnny Carter
|
0-0: Fly out, F5 (Popup, 25F)
|
Bottom of the 1st over - 1 run, 1 hit, 0 errors, 0 left on base; Virginia Beach 0 - Asheville 1 |
TOP OF THE 2ND |
Virginia Beach Deuces batting - Pitching for Asheville Highlanders : RHP Fred Townsend
|
Batting: RHB Paul Byrd
|
0-0: Ball 1-0: Called Strike 1-1: Ground out 5-3 (Groundball, 56S)
|
Batting: RHB Juan González
|
0-0: Ball 1-0: SINGLE (Groundball, 56D)
|
Batting: SHB Iikka Karpinen
|
0-0: Foul Ball, location: 2F 0-1: DOUBLE (Groundball, 3L) Juan González to third
|
Batting: RHB David Warren
|
0-0: Foul Ball, location: 2F 0-1: Ball 1-1: Ball 2-1: Ground out 3-1 (Groundball, 34) Juan González scores Iikka Karpinen to third
|
Batting: SHB Leo Szilard
|
0-0: Ground out 6-3 (Groundball, 6)
|
Top of the 2nd over - 1 run, 2 hits, 0 errors, 1 left on base; Virginia Beach 1 - Asheville 1 |
BOTTOM OF THE 2ND |
Asheville Highlanders batting - Pitching for Virginia Beach Deuces : RHP Earl Danziger
|
Batting: RHB Tae-gyoon Ch'oe
|
0-0: Foul Ball, location: 2F 0-1: SINGLE (Line Drive, 4)
|
Batting: RHB Yoshihiro Iwasaki
|
0-0: Ground out 6-3 (Groundball, 6M) Tae-gyoon Ch'oe to second
|
Batting: SHB Jeff Lowe
|
0-0: Swinging Strike 0-1: Ball 1-1: SINGLE (Groundball, 6MD) Tae-gyoon Ch'oe to third
|
Batting: RHB Shane Seim
|
0-0: Grounds into double play, 6-4-3 (Groundball, 6)
|
Bottom of the 2nd over - 0 runs, 2 hits, 0 errors, 1 left on base; Virginia Beach 1 - Asheville 1 |
TOP OF THE 3RD |
Virginia Beach Deuces batting - Pitching for Asheville Highlanders : RHP Fred Townsend
|
Batting: RHB Juan Carlos López
|
0-0: Ball 1-0: Called Strike 1-1: Fly out, F7 (Line Drive, 7)
|
Batting: RHB Luis Díaz
|
0-0: Called Strike 0-1: Ball 1-1: Foul Ball, location: 2F 1-2: Strikes out swinging
|
Batting: RHB Stephen McManus
|
0-0: Called Strike 0-1: Ball 1-1: Ground out 6-3 (Groundball, 6)
|
Top of the 3rd over - 0 runs, 0 hits, 0 errors, 0 left on base; Virginia Beach 1 - Asheville 1 |
BOTTOM OF THE 3RD |
Asheville Highlanders batting - Pitching for Virginia Beach Deuces : RHP Earl Danziger
|
Batting: RHB Javier Cordero
|
0-0: Foul Ball, location: 2F 0-1: Ball 1-1: Ball 2-1: Ball 3-1: Base on Balls
|
Batting: RHB Arnie Taylor
|
0-0: Called Strike 0-1: Ball 1-1: Grounds into double play, 5-4-3 (Groundball, 5)
|
Batting: RHB Jason Alston
|
0-0: SOLO HOME RUN (Flyball, 7D), Distance : 399 ft
|
Batting: LHB DeMarvion Overshown
|
0-0: Called Strike 0-1: Foul Ball, location: 2F 0-2: Foul Ball, location: 2F 0-2: Foul Ball, location: 2F 0-2: SINGLE (Groundball, 34D)
|
Batting: LHB Johnny Carter
|
0-0: Called Strike 0-1: Ball 1-1: Ball 2-1: Ball 3-1: DOUBLE (Line Drive, 8RD) DeMarvion Overshown to third Runner from 3rd tries for Home, SAFE, no throw
|
Batting: RHB Tae-gyoon Ch'oe
|
0-0: Called Strike 0-1: Ball 1-1: Foul Ball, location: 2F 1-2: Foul Ball, location: 2F 1-2: Ball 2-2: Foul Ball, location: 2F 2-2: Ball 3-2: SINGLE (Flyball, 4MD) - OUT at second base trying to stretch hit. Johnny Carter scores
|
Bottom of the 3rd over - 3 runs, 4 hits, 0 errors, 0 left on base; Virginia Beach 1 - Asheville 4 |
TOP OF THE 4TH |
Virginia Beach Deuces batting - Pitching for Asheville Highlanders : RHP Fred Townsend
|
Batting: RHB Andrew Crosby
|
0-0: Foul Ball, location: 2F 0-1: Swinging Strike 0-2: Ball 1-2: Ball 2-2: Strikes out swinging
|
Batting: RHB Paul Byrd
|
0-0: Fly out, F8 (Flyball, 8RD)
|
Batting: RHB Juan González
|
0-0: Called Strike 0-1: Ball 1-1: Fly out, F9 (Flyball, 9)
|
Top of the 4th over - 0 runs, 0 hits, 0 errors, 0 left on base; Virginia Beach 1 - Asheville 4 |
BOTTOM OF THE 4TH |
Asheville Highlanders batting - Pitching for Virginia Beach Deuces : RHP Earl Danziger
|
Batting: RHB Yoshihiro Iwasaki
|
0-0: Called Strike 0-1: DOUBLE (Flyball, 8LD)
|
Batting: SHB Jeff Lowe
|
0-0: Ball 1-0: Called Strike Yoshihiro Iwasaki steals 3rd base 1-1: Ball 2-1: Ball 3-1: Base on Balls
|
Batting: RHB Shane Seim
|
0-0: Ball 1-0: Foul Ball, location: 2F 1-1: Ball 2-1: SINGLE (Line Drive, 6MD) Yoshihiro Iwasaki scores Jeff Lowe to second
|
Batting: RHB Javier Cordero
|
0-0: Foul Ball, location: 2F 0-1: Swinging Strike 0-2: Ball 1-2: Ball 2-2: Foul Ball, location: 2F 2-2: Ball 3-2: Foul Ball, location: 2F 3-2: Strikes out swinging
|
Batting: RHB Arnie Taylor
|
0-0: Called Strike 0-1: Foul Ball, location: 2F 0-2: Foul Ball, location: 2F 0-2: Ball 1-2: Ball 2-2: Foul Ball, location: 2F 2-2: Fly out, F6 (Line Drive, 6)
|
Batting: RHB Jason Alston
|
0-0: Ball 1-0: Ball 2-0: Called Strike 2-1: Ball 3-1: Foul Ball, location: 2F 3-2: Base on Balls Jeff Lowe to third Shane Seim to second
|
Batting: LHB DeMarvion Overshown
|
0-0: SINGLE (Groundball, 3D) Jeff Lowe scores Shane Seim to third Jason Alston to second Runner from 3rd tries for Home, throw and OUT!
|
Bottom of the 4th over - 2 runs, 3 hits, 0 errors, 2 left on base; Virginia Beach 1 - Asheville 6 |
TOP OF THE 5TH |
Virginia Beach Deuces batting - Pitching for Asheville Highlanders : RHP Fred Townsend
|
Batting: SHB Iikka Karpinen
|
0-0: SINGLE (Groundball, 34D)
|
Batting: RHB David Warren
|
0-0: Called Strike 0-1: Ball 1-1: Fly out, F8 (Flyball, 8RD)
|
Batting: SHB Leo Szilard
|
0-0: Ball 1-0: Called Strike 1-1: Swinging Strike 1-2: Strikes out swinging Iikka Karpinen steals 2nd base Batter strikes out.
|
Batting: RHB Juan Carlos López
|
0-0: Called Strike 0-1: Foul Ball, location: 2F 0-2: Ball 1-2: Strikes out swinging, 2-3 out at first.
|
Top of the 5th over - 0 runs, 1 hit, 0 errors, 1 left on base; Virginia Beach 1 - Asheville 6 |
BOTTOM OF THE 5TH |
Asheville Highlanders batting - Pitching for Virginia Beach Deuces : RHP Earl Danziger
|
Batting: LHB Johnny Carter
|
0-0: Foul Ball, location: 2F 0-1: Ball 1-1: SINGLE (Line Drive, 34)
|
Batting: RHB Tae-gyoon Ch'oe
|
0-0: Ball 1-0: Foul Ball, location: 2F 1-1: Ball 2-1: Ball 3-1: Called Strike 3-2: Fly out, F9 (Flyball, 9LS)
|
Batting: RHB Yoshihiro Iwasaki
|
0-0: Ball 1-0: DOUBLE (Line Drive, 7LS) Johnny Carter to third
|
Batting: SHB Jeff Lowe
|
0-0: Swinging Strike 0-1: Swinging Strike 0-2: Ball 1-2: Foul Ball, location: 2F 1-2: Ball Wild Pitch! Johnny Carter scores Yoshihiro Iwasaki to third 2-2: Ball 3-2: Ground out 4-3 (Groundball, 4D) Yoshihiro Iwasaki scores
|
Batting: RHB Shane Seim
|
0-0: Fly out, F7 (Flyball, 7LSF)
|
Bottom of the 5th over - 2 runs, 2 hits, 0 errors, 0 left on base; Virginia Beach 1 - Asheville 8 |
TOP OF THE 6TH |
Virginia Beach Deuces batting - Pitching for Asheville Highlanders : RHP Fred Townsend
|
Batting: RHB Luis Díaz
|
0-0: Ball 1-0: Fly out, F6 (Line Drive, 6)
|
Batting: RHB Stephen McManus
|
0-0: Called Strike 0-1: Ball 1-1: Ball 2-1: Ground out 6-3 (Groundball, 6)
|
Batting: RHB Andrew Crosby
|
0-0: Ball 1-0: Fly out, F8 (Flyball, 8LM)
|
Top of the 6th over - 0 runs, 0 hits, 0 errors, 0 left on base; Virginia Beach 1 - Asheville 8 |
BOTTOM OF THE 6TH |
Asheville Highlanders batting - Pitching for Virginia Beach Deuces : RHP Earl Danziger
|
Batting: RHB Javier Cordero
|
0-0: Swinging Strike 0-1: Called Strike 0-2: Foul Ball, location: 2F 0-2: Foul Ball, location: 2F 0-2: Fly out, F8 (Flyball, 8RD)
|
Batting: RHB Arnie Taylor
|
0-0: Ball 1-0: SINGLE (Groundball, 6MD)
|
Batting: RHB Jason Alston
|
0-0: Ball Arnie Taylor steals 2nd base 1-0: Called Strike 1-1: Swinging Strike 1-2: Ball 2-2: Fly out, F7 (Line Drive, 7D)
|
Batting: LHB DeMarvion Overshown
|
0-0: Ball 1-0: Ball 2-0: Called Strike 2-1: Called Strike 2-2: Ball 3-2: Fly out, F7 (Flyball, 7LMF)
|
Bottom of the 6th over - 0 runs, 1 hit, 0 errors, 1 left on base; Virginia Beach 1 - Asheville 8 |
TOP OF THE 7TH |
Virginia Beach Deuces batting - Pitching for Asheville Highlanders : RHP Fred Townsend
|
Batting: RHB Paul Byrd
|
0-0: Foul Ball, location: 2F 0-1: Ground out 5-3 (Groundball, 56)
|
Batting: RHB Juan González
|
0-0: Called Strike 0-1: Fly out, F9 (Flyball, 9S)
|
Batting: SHB Iikka Karpinen
|
0-0: Called Strike 0-1: Ball 1-1: Ball 2-1: Ball 3-1: Fly out, F9 (Flyball, 9LM)
|
Top of the 7th over - 0 runs, 0 hits, 0 errors, 0 left on base; Virginia Beach 1 - Asheville 8 |
BOTTOM OF THE 7TH |
Asheville Highlanders batting - Pitching for Virginia Beach Deuces : RHP Earl Danziger
|
Batting: LHB Johnny Carter
|
0-0: Fly out, F7 (Flyball, 7S)
|
Batting: RHB Tae-gyoon Ch'oe
|
0-0: Called Strike 0-1: Foul Ball, location: 2F 0-2: Ball 1-2: Foul Ball, location: 2F 1-2: Ball 2-2: Ground out 6-3 (Groundball, 6)
|
Batting: RHB Yoshihiro Iwasaki
|
0-0: SINGLE (Line Drive, 6D)
|
Pitching: LHP Gwang-soo Park
|
|
Batting: SHB Jeff Lowe
|
0-0: Ball Yoshihiro Iwasaki steals 2nd base 1-0: Ball 2-0: Ball 3-0: Base on Balls
|
Batting: RHB Shane Seim
|
0-0: Foul Ball, location: 2F 0-1: Ball 1-1: Foul Ball, location: 2F 1-2: Foul Ball, location: 2F 1-2: Ground out 1-3 (Groundball, 13S)
|
Bottom of the 7th over - 0 runs, 1 hit, 0 errors, 2 left on base; Virginia Beach 1 - Asheville 8 |
TOP OF THE 8TH |
Virginia Beach Deuces batting - Pitching for Asheville Highlanders : RHP Fred Townsend
|
Now at 1B: Harley Whitfield
|
|
Batting: RHB David Warren
|
0-0: Fly out, F3 (Popup, 23F)
|
Batting: SHB Leo Szilard
|
0-0: Called Strike 0-1: Foul Ball, location: 2F 0-2: Strikes out swinging
|
Batting: RHB Juan Carlos López
|
0-0: Called Strike 0-1: Foul Ball, location: 2F 0-2: Foul Ball, location: 2F 0-2: Foul Ball, location: 2F 0-2: Ball 1-2: Foul Ball, location: 2F 1-2: Ball 2-2: Ball 3-2: Fly out, F8 (Line Drive, 8LM)
|
Top of the 8th over - 0 runs, 0 hits, 0 errors, 0 left on base; Virginia Beach 1 - Asheville 8 |
BOTTOM OF THE 8TH |
Asheville Highlanders batting - Pitching for Virginia Beach Deuces : LHP Gwang-soo Park
|
Batting: RHB Javier Cordero
|
0-0: Ball 1-0: Foul Ball, location: 2F 1-1: Ball 2-1: Ball 3-1: SINGLE (Flyball, 89S)
|
Batting: RHB Arnie Taylor
|
0-0: Foul Ball, location: 2F 0-1: Ball 1-1: Ball 2-1: Foul Ball, location: 2F 2-2: Ball 3-2: Base on Balls Javier Cordero to second
|
Batting: RHB Jason Alston
|
0-0: Ball 1-0: Ball 2-0: Called Strike 2-1: SINGLE (Flyball, 8LS) Javier Cordero to third Arnie Taylor to second Runner from 3rd tries for Home, SAFE, no throw
|
Batting: LHB DeMarvion Overshown
|
0-0: Foul Ball, location: 2F 0-1: Ball 1-1: Foul Ball, location: 2F 1-2: Ball 2-2: Ball 3-2: SINGLE (Line Drive, 8RS) Arnie Taylor to third Jason Alston to second Runner from 3rd tries for Home, SAFE, no throw
|
Batting: LHB Johnny Carter
|
0-0: Ball 1-0: Ball 2-0: Foul Ball, location: 2F 2-1: Fly out, F8 (Line Drive, 8RD)
|
Batting: RHB Harley Whitfield
|
0-0: Ball 1-0: Called Strike 1-1: Foul Ball, location: 2F 1-2: Foul Ball, location: 2F 1-2: Ball 2-2: Ball 3-2: Fly out, F7 (Flyball, 7LM)
|
Batting: RHB Yoshihiro Iwasaki
|
0-0: Called Strike 0-1: Ball 1-1: Swinging Strike 1-2: Strikes out swinging
|
Bottom of the 8th over - 2 runs, 3 hits, 0 errors, 2 left on base; Virginia Beach 1 - Asheville 10 |
TOP OF THE 9TH |
Virginia Beach Deuces batting - Pitching for Asheville Highlanders : RHP Fred Townsend
|
Batting: RHB Luis Díaz
|
0-0: Called Strike 0-1: Called Strike 0-2: Ball 1-2: Strikes out swinging
|
Batting: RHB Stephen McManus
|
0-0: Ball 1-0: Ball 2-0: Ground out 3-1 (Groundball, 34S)
|
Batting: RHB Andrew Crosby
|
0-0: Foul Ball, location: 2F 0-1: Foul Ball, location: 2F 0-2: Ball 1-2: Foul Ball, location: 2F 1-2: Ball 2-2: SINGLE (Line Drive, 7S)
|
Batting: RHB Paul Byrd
|
0-0: Foul Ball, location: 2F 0-1: Ball 1-1: Fielders Choice at 2nd, 5-4 (Groundball, 56)
|
Top of the 9th over - 0 runs, 1 hit, 0 errors, 1 left on base; Virginia Beach 1 - Asheville 10 |
|